AoeStats
← Graf Schlegel

Hideout

503464127Analyzed
3v3 RM · 1mo ago on Aug 31, 2026· 38m 5s· 6 players
Game mode
Random Map
Map size
Normal (6 player)
Population
200
Speed
Normal
Resources
Standard
Victory
Conquest
Starting age
Dark Age
Ending age
Imperial Age
RankedLock teamsTeams togetherTeam positionsShared explorationLock speedFull tech treeHidden civsTurbo modeCheats
Victory
Defeat
🇩🇪 Japanese · Germany
1058
+16
🇩🇪 Saracens · Germany
1054
+16
🇩🇪 Franks · Germany
1020
+18
🇦🇷 Byzantines · Argentina
1081
-18
🇵🇪 Italians · Peru
1059
-17
🇨🇱 Chinese · Chile
1038
-16
Horst der Graue
0:59 Loom
10:47 Feudal Age
11:48 Double-Bit Axe
17:13 Castle Age
15:53 Stone Mining
15:48 Horse Collar
17:22 Bloodlines
19:41 Bow Saw
23:38 Scale Barding Armor
24:56 Chain Barding Armor
26:36 Wheelbarrow
27:10 Forging
28:57 Iron Casting
30:06 Husbandry
30:24 Bimaristan
32:22 Fletching
33:06 Hand Cart
32:37 Town Watch
38:05 Imperial Age
Fritz der Gewissenlose
5:50 Loom
10:12 Feudal Age
10:15 Man-at-Arms
10:57 Arson
19:04 Double-Bit Axe
24:25 Castle Age
22:30 Gold Mining
22:49 Horse Collar
23:24 Fletching
23:34 Padded Archer Armor
24:33 Elite Skirmisher
25:20 Bodkin Arrow
25:31 Long Swordsman
28:12 Wheelbarrow
28:23 Gambesons
29:31 Squires
30:48 Leather Archer Armor
31:04 Pikeman
35:03 Thumb Ring
36:39 Heavy Plow
38:01 Bow Saw
Graf Schlegel
4:19 Loom
11:49 Feudal Age
16:37 Castle Age
14:47 Double-Bit Axe
18:30 Scale Barding Armor
20:37 Forging
25:53 Wheelbarrow
32:53 Imperial Age
31:48 Hand Cart
32:37 Iron Casting
34:12 Cavalier
35:36 Conscription
36:21 Chain Barding Armor
37:42 Husbandry
38:21 Plate Barding Armor
38:48 Blast Furnace
Maximo
6:53 Loom
9:53 Feudal Age
10:18 Horse Collar
10:24 Double-Bit Axe
24:56 Castle Age
23:09 Fletching
24:57 Pikeman
25:07 Crossbowman
27:34 Bow Saw
27:26 Heavy Plow
27:55 Elite Skirmisher
32:24 Scale Barding Armor
37:47 Ballistics
37:33 Stone Mining
ZeroGLHF
0:36 Loom
10:48 Feudal Age
12:10 Wheelbarrow
11:24 Double-Bit Axe
13:47 Horse Collar
14:15 Town Watch
14:29 Fletching
18:13 Gold Mining
22:23 Padded Archer Armor
26:37 Castle Age
26:40 Elite Skirmisher
26:42 Pikeman
27:24 Squires
29:36 Bodkin Arrow
30:13 Stone Mining
31:24 Leather Archer Armor
32:46 Thumb Ring
34:30 Ballistics
Alkaphrah
9:44 Feudal Age
8:01 Loom
10:15 Double-Bit Axe
10:17 Horse Collar
15:50 Fletching
20:19 Castle Age
18:49 Gold Mining
20:46 Bloodlines
20:53 Forging
21:39 Bow Saw
21:25 Crossbowman
32:42 Imperial Age
30:21 Bodkin Arrow
31:10 Light Cavalry
32:17 Ballistics
33:17 Heavy Plow
33:29 Treadmill Crane
35:46 Chemistry
36:31 Hussar
37:25 Husbandry
Connection lost

Rejoining the realm…

Still unreachable

The connection could not be restored.

Session expired

The server has moved on; the page needs a fresh start.